Map: Ulrena

Players

Harstem

  • Race: Protoss Protoss

llllllllllll - Winner!

  • Race: Protoss Protoss

Event: Root's WW3

VOD

Have the link to the VOD?

Description

Time

  • Played on: Dec. 11, 2015, 9:05 a.m.
  • Length: 5:02

All games in this series

Show
View Real Time Build Order
Export as new Build Order

Harstem Protoss 

Build Orders:  

Get SALT Encoding   

  12  0:01  Probe (Chrono Boost)  
  13  0:12  Probe (Chrono Boost)  
  14  0:19  Pylon  
  14  0:22  Probe (Chrono Boost)  
  15  0:37  Probe (Chrono Boost), Gateway  
  16  0:48  Probe (Chrono Boost)  
  17  0:50  Assimilator  
  17  0:58  Probe (Chrono Boost)  
  17  1:00  Assimilator  
  18  1:09  Probe (Chrono Boost)  
  18  1:11  Gateway  
  19  1:19  Probe (Chrono Boost)  
  19  1:25  Cybernetics Core  
  20  1:30  Probe (Chrono Boost)  
  21  1:34  Pylon  
  21  1:40  Probe (Chrono Boost)  
  22  1:51  Probe (Chrono Boost)  
  23  2:01  Probe (Chrono Boost)  
  23  2:02  Stalker  
  23  2:03  Warp Gate (Chrono Boost)  
  23  2:05  Stalker  
  28  2:15  Pylon  
  28  2:21  Mothership Core  
  30  2:32  Stalker  
  30  2:35  Stalker  
  34  2:43  Pylon  
  34  2:57  Robotics Facility  
  33  3:23  Nexus  
  33  3:24  Probe  
  34  3:31  Pylon  
  34  3:37  Probe  
  35  3:45  Observer (Chrono Boost)  
  36  3:50  Probe  
  37  3:56  Twilight Council  
  37  3:57  Stalker  
  37  4:02  Probe (Chrono Boost)  
  40  4:13  Probe (Chrono Boost)  
  41  4:17  Pylon  
  42  4:24  Probe (Chrono Boost)  
  42  4:26  Sentry  
  44  4:34  Probe (Chrono Boost)  
  47  4:42  Stalker  
  47  4:45  Probe (Chrono Boost)  
  49  4:48  Pylon  
Show
View Real Time Build Order
Export as new Build Order

llllllllllll Protoss - Winner!

Build Orders:  

Get SALT Encoding   

  12  0:01  Probe (Chrono Boost)  
  13  0:11  Probe (Chrono Boost)  
  14  0:18  Pylon  
  14  0:22  Probe (Chrono Boost)  
  15  0:36  Gateway, Probe (Chrono Boost)  
  15  0:42  Assimilator  
  16  0:47  Probe (Chrono Boost)  
  17  0:57  Probe (Chrono Boost)  
  17  0:58  Assimilator  
  18  1:08  Probe (Chrono Boost)  
  18  1:09  Gateway  
  19  1:18  Probe (Chrono Boost)  
  19  1:21  Pylon  
  20  1:27  Cybernetics Core  
  20  1:30  Probe (Chrono Boost)  
  21  1:41  Probe (Chrono Boost)  
  22  1:51  Probe (Chrono Boost)  
  23  2:03  Mothership Core (Chrono Boost)  
  23  2:04  Stalker x2  
  29  2:11  Pylon  
  29  2:14  Warp Gate (Chrono Boost)  
  29  2:22  Probe (Chrono Boost)  
  30  2:32  Probe (Chrono Boost)  
  30  2:34  Stalker x2  
  35  2:59  Nexus  
  35  3:06  Pylon  
  35  3:11  Sentry  
  35  3:12  Sentry  
  39  3:22  Gateway  
  39  3:37  Stalker  
  39  3:38  Stalker  
  43  4:05  Pylon  
  43  4:17  Stalker  
  43  4:18  Stalker x2  
  49  4:24  Gateway  
  49  4:44  Stalker x3  
Tags
 
Matchup
PvP
Player
Harstem
Replay Pack
WW3 Reps
Add a new tag
Caveats
  • Supply blocks, unpowered buildings, or Contaminate may cause inaccurate times.
  • Supply counts are checked every 10 seconds.